 Dungeon Sprint DCSS version 0.31-a0-1008-g5b978dac0e (webtiles) character file.

Game seed: 8010258758732054402

8 Revguard the Ruffian (level 2, -6/29 HPs)
             Began as a Troll Shapeshifter on Nov 13, 2023.
             Was an Initiate of Jiyva.
             Mangled by a merfolk
             ... wielding a +0 trident
              (9 damage)
             ... in the Dungeon (Sprint V: "Ziggurat Sprint").
             The game lasted 00:01:23 (57 turns).

Revguard the Ruffian (Troll Shapeshifter)             Turns: 57, Time: 00:01:23

Health: -6/29      AC: 19    Str: 33    XL:     2   Next: 0%
Magic:  1/1        EV:  4    Int:  6    God:    Jiyva [......]
Gold:   0          SH:  0    Dex:  9    Spells: 1/1 levels left

rFire   + .          .
                       - Unarmed
rCold   + . .        (no shield)
rNeg    . . .        F - +5 gold dragon scales
rPois   +            (helmet currently unavailable)
rElec   .            (cloak currently unavailable)
rCorr   .            (gloves unavailable)
SInv    .            (boots unavailable)
Will    .....        (no amulet) Stlth
                     y - +6 ring of strength
HPRegen 1.04/turn    z - +6 ring of strength
MPRegen 0.07/turn

%: no teleportation
@: beast-form
A: beast (slay +2), large, unfitting armour, claws 3, regeneration 1, shaggy fur
1, tough skin 1
a: Begin Untransformation, Renounce Religion


You were in the Dungeon.
You worshipped Jiyva.
Jiyva was noncommittal.
You were a hulking beast.
You visited 1 branch

Inventory:

Armour
 a - a +0 animal skin
 F - +5 gold dragon scales (worn)
Jewellery
 t - a ring of flight
 u - a +6 ring of dexterity
 v - a +6 ring of dexterity
 w - a +6 ring of intelligence
 x - a +6 ring of intelligence
 y - a +6 ring of strength (left claw)
 z - a +6 ring of strength (right claw)
Talismans
 c - a beast talisman
 d - a flux talisman
 D - a blade talisman
 E - a maw talisman
Wands
 A - a wand of mindburst (7)
 B - a wand of iceblast (6)
 C - a wand of light (7)
Scrolls
 j - 4 scrolls of blinking
 p - 4 scrolls of amnesia
 q - 7 scrolls of fog
 r - 5 scrolls of identify
 s - 2 scrolls of fear
Potions
 b - a potion of lignification
 e - 10 potions of curing
 f - 8 potions of heal wounds
 g - 6 potions of haste
 h - 7 potions of magic
 i - 3 potions of berserk rage
 k - 2 potions of brilliance
 l - 2 potions of invisibility
 m - 4 potions of resistance
 o - 5 potions of might


   Skills:
 * Level 2.8 Fighting
 + Level 1.8 Armour
 + Level 2.5 Dodging
 * Level 4.5 Unarmed Combat
 + Level 1.5 Evocations
 + Level 4.3 Shapeshifting


You had one spell level left.
You didn't know any spells.
Your spell library was empty.

Dungeon Overview and Level Annotations

Branches:
Dungeon (1/1)

Altars:
Ashenzari
Cheibriados
Dithmenos
Elyvilon
Fedhas
Gozag
Hepliaklqana
Kikubaaqudgha
Makhleb
Nemelex Xobeh
Okawaru
Qazlal
Ru
Sif Muna
Trog
Uskayaw
Vehumet
Wu Jian
Xom
Yredelemnul
Zin
The Shining One
Jiyva
Lugonu

Annotations:
D 1 transporter


Innate Abilities, Weirdness & Mutations

You are a hulking beast.
Your limbs bulge with bestial killing power. (Slay +2)
You are too large for most types of armour.
You have claws for hands.
Your natural rate of healing is unusually fast.
You are covered in fur. (AC +1)
You have tough skin. (AC +1)


Message History

You hear a distant slurping noise.
Found a throwing net, a +3 longbow of draining and a +1 crystal plate armour.
Found a transporter.
You tear a large gash into the net.
The merfolk hits you from afar with a +0 trident.
You hear a distant slurping noise. x2
You shred the net and break free!
The merfolk hits you from afar with a +0 trident!
The merfolk completely misses you.
You hear a distant slurping noise. x2
The merfolk hits you with a +0 trident!
* * * LOW HITPOINT WARNING * * *
The merfolk hits you with a +0 trident!
* * * LOW HITPOINT WARNING * * *
You hear a distant slurping noise.
You miss the merfolk.
You hear a distant slurping noise.
The merfolk hits you but does no damage. x2
You feel much better.
The merfolk hits you with a +0 trident! x2
* * * LOW HITPOINT WARNING * * *
You feel much better. The merfolk hits you with a +0 trident!
Ouch! That really hurt!
The merfolk barely misses you.
Okay, then.
Aiming: Iceblast
Press: ? - help, Shift-Dir - straight line
Okay, then.
The merfolk hits you but does no damage.
Aiming: Iceblast
Press: ? - help, Shift-Dir - straight line The mass of ice explodes!
The iceblast engulfs you but does no damage.
The iceblast engulfs the merfolk!
The merfolk is lightly wounded.
The iceblast engulfs the merfolk!
The merfolk is moderately wounded.
The merfolk hits you with a +0 trident!
* * * LOW HITPOINT WARNING * * *
The merfolk hits you from afar with a +0 trident!
You die...

▓▓▓▓▓▓▓
▓.8©8.▓
▓.....▓
▓.m.).▓
▓.h.m.▓
▓.....▓
▓..©..▓
▓▓▓▓▓▓▓


You could see 2 merfolk.

Vanquished Creatures (others)
  Sojobo (D)
  2 acid blobs (D)
  Kirke (D)
  2 rockslimes (D)
  2 quicksilver oozes (D)
  Nergalle (D)
  Pikel (D)
  Grinder (D)
  Grum (D)
  Terence (D)
13 creatures vanquished.

Notes
Turn   | Place    | Note
-------+----------+-------------------------------------------
     0 | D        | Revguard the Troll Shapeshifter began the quest for the
                  | Orb.
     0 | D        | Reached XP level 1. HP: 18/18 MP: 0/0
     0 | D        | Found a shimmering blue altar of Sif Muna.
     0 | D        | Found a sacrificial altar of Ru.
     0 | D        | Found a bloodstained altar of Trog.
     0 | D        | Found a stormy altar of Qazlal.
     0 | D        | Found an iron altar of Okawaru.
     0 | D        | Found a sparkling altar of Nemelex Xobeh.
     0 | D        | Found a blossoming altar of Fedhas.
     0 | D        | Found the +6 Majin-Bo {spellvamp, MP+6 Int+6}
     0 | D        | Found the +27 heavy crossbow "Sniper" {heavy, Acc+∞ SInv}
     0 | D        | Found the +10 dark maul {heavy}
     0 | D        | Found the +15 Maxwell's patent armour {-Cast -Tele rElec
                  | Will+ rCorr}
     0 | D        | Found the +18 shield of the Gong {Loud rN+ Will+ rCorr
                  | EV-5}
     0 | D        | Found the +16 obsidian axe {drain, demonic, Mesm Drain Fly
                  | SInv}
     0 | D        | Found the +7 great mace "Firestarter" {flame, immolate,
                  | rFlCloud rF++}
     0 | D        | Found the +6 shillelagh "Devastator" {shatter}
     0 | D        | Found the +11 plutonium sword {Contam Stlth-}
     0 | D        | Found the +8 lance "Wyrmbane" {slay drac, rPois rF+ rC+
                  | AC+3}
     0 | D        | Found the +9 sword of Zonguldrok {reap}
     0 | D        | Found the +13 scythe of Curses {drain, curses, Drain}
     0 | D        | Found the +9 sword of Power {lifebolt}
     0 | D        | Found the +7 mace of Variability {chaos, chaos arc}
     0 | D        | Found the +11 Singing Sword {sonic wave}
     0 | D        | Found the +8 storm bow {elec, penet}
     2 | D        | Found a transporter.
     2 | D        | Found an ancient bone altar of Kikubaaqudgha.
     2 | D        | Found a viscous altar of Jiyva.
     2 | D        | Found a corrupted altar of Lugonu.
     2 | D        | Found a hazy altar of Hepliaklqana.
     2 | D        | Found a burning altar of Makhleb.
     2 | D        | Found an opulent altar of Gozag.
     7 | D        | Banished a spatial maelstrom
    43 | D        | Became a worshipper of Jiyva Jedurpha the Shapeless
    43 | D        | Killed Nergalle
    43 | D        | Killed Terence
    46 | D        | Reached skill level 1 in Armour
    46 | D        | Reached skill level 1 in Evocations
    46 | D        | Reached XP level 2. HP: 29/29 MP: 1/1
    47 | D        | Killed Sojobo
    48 | D        | Killed Pikel
    49 | D        | Entered arena 2.
    49 | D        | Noticed a merfolk
    49 | D        | Noticed a merfolk
    49 | D        | Found a transporter.
    50 | D        | Killed an acid blob
    51 | D        | Killed a quicksilver ooze
    52 | D        | HP: 1/29 [merfolk/+0 trident (7)]
    52 | D        | Killed an acid blob
    54 | D        | Killed a rockslime
    54 | D        | Killed a rockslime
    55 | D        | Killed Kirke
    55 | D        | Killed Grum
    56 | D        | Killed Grinder
    56 | D        | Killed a quicksilver ooze
    57 | D        | Mangled by a merfolk

Illustrated notes

Levels and vault maps discovered:
D:        sprint_v [room_start, room_1, room_2, room_3, room_4, room_5, room_6,
          room_7, room_8, room_9, room_10, room_11, room_12, room_13, room_14,
          room_15, room_16, room_17, room_18, room_19, room_20, room_21,
          room_22, room_23, room_24, room_25, room_26, room_27]

Skill      XL: |  1 |
---------------+----+-----
Fighting       | 2 |  2.8
Armour         | 1 |  1.8
Dodging        | 2 |  2.5
Unarmed Combat | 4 |  4.5
Evocations     | 1 |  1.5
Shapeshifting  | 4 |  4.3

Action                     || total
---------------------------++-------
  Melee: Unarmed           ||     1
  Evoke: Wand              ||     1
    Use: Potion            ||     3
 Armour: Gold dragon scale ||    13
  Dodge: Dodged            ||     2

Table legend: (Time is in decaauts)
 A = Elapsed time spent in this place.
 B = Non-inter-level travel time spent in this place.
 C = Inter-level travel time spent in this place.
 D = Time resting spent in this place.
 E = Time spent auto-exploring this place.
 F = Levels seen in this place.
 G = Mean time per level.
                   A        B        C        D        E       F      G
               +--------+--------+--------+--------+--------+-----+--------+
         Total |     55 |     55 |      0 |      0 |      0 |   1 |   55.0 |
       Dungeon |     55 |     55 |      0 |      0 |      0 |   1 |   55.0 |
               +--------+--------+--------+--------+--------+-----+--------+

Top non-repeatable levels by time:
       D: 55 daAuts
